 Dungeon Crawl Stone Soup version 0.27-a0-1217-g8a41f320e8 (webtiles) character file.

Game seed: 17094553805656946087

551 rogsnak the Conjurer (level 7, -5/48 HPs)
             Began as a Demonspawn Fire Elementalist on June 6, 2021.
             Slain by leviel's ghost (15 damage)
             ... on level 5 of the Dungeon.
             The game lasted 00:10:09 (5505 turns).

rogsnak the Conjurer (Demonspawn Fire Elementalist) Turns: 5505, Time: 00:10:10

Health: -5/48      AC:  5    Str:  8    XL:     7   Next: 7%
Magic:  1/13       EV: 12    Int: 19    God:
Gold:   292        SH:  4    Dex: 19    Spells: 4/14 levels left

rFire    . . .     SeeInvis .   n - +5 mace
rCold    . . .     Faith    .   (no shield)
rNeg     . . .     Spirit   .   a - +0 robe
rPois    .         Reflect  .   p - +1 helmet
rElec    .         Harm     .   (no cloak)
rCorr    .         Rampage  .   (no gloves)
Will     .....                  (no boots)
Stlth    ++........             (no amulet)
HPRegen  0.16/turn              w - +6 ring of dexterity
MPRegen  0.13/turn              (no ring)

@: no status effects
A: hooves 1, sharp scales 1, condensation shield, demonic magic 1
a: no special abilities


You were on level 5 of the Dungeon.
You visited 1 branch of the dungeon, and saw 5 of its levels.

You collected 292 gold pieces.

Inventory:

Hand Weapons
 b - a +0 spear
 n - a +5 mace (weapon)
Missiles
 d - 28 bolts
 e - 102 stones
 o - 134 sling bullets
 r - 16 poisoned darts
Armour
 a - a +0 robe (worn)
 p - a +1 helmet (worn)
Magical Staves
 m - a staff of poison
Jewellery
 t - an amulet of guardian spirit
 w - a +6 ring of dexterity (left hand)
Scrolls
 h - 4 scrolls of amnesia {unknown}
 j - a scroll of holy word {unknown}
 l - 5 scrolls of identify {unknown}
 q - a scroll of fear {unknown}
 s - a scroll of noise {unknown}
 u - a scroll of enchant armour {unknown}
 v - a scroll of immolation {unknown}
 x - a scroll of blinking {unknown}
Potions
 c - a potion of flight {unknown}
 f - a potion of degeneration {unknown}
 g - 2 potions of attraction {unknown}
 i - a potion of magic {unknown}
 k - 3 potions of ambrosia {unknown}


   Skills:
 + Level 1.3 Fighting
 + Level 2.1 Dodging
 - Level 2.0 Stealth
 + Level 0.5 Shields
 + Level 4.0 Spellcasting
 * Level 4.6 Conjurations
 + Level 4.2 Fire Magic


You had 4 spell levels left.
You knew the following spells:

 Your Spells              Type           Power      Damage    Failure   Level
a - Foxfire               Conj/Fire      80%        2x1d8     2%          1
b - Sticky Flame          Conj/Fire      20%        2d4       22%         4
c - Fireball              Conj/Fire      10%        3d6       52%         5

Your spell library contained the following spells:

 Spells                   Type           Power      Damage    Failure   Level
 Conjure Flame            Conj/Fire      20%        6-21      7%          3
 Inner Flame              Hex/Fire       11%        N/A       17%         3


Dungeon Overview and Level Annotations

Branches:
Dungeon (5/15)
 Temple: D:4-7

Altars:

Shops:
D:2 (   D:5 (

Annotations:
D:5 leviel's ghost, amateur HOFi


Innate Abilities, Weirdness & Mutations

You have large cloven feet.
You are partially covered in razor-sharp scales. (AC +1, Slay +1)
A meltable shield of frost defends you. (SH +4)
Spells you cast may paralyse adjacent enemies.


Message History

You don't know that spell.
Sorry, you're not good enough to have a special ability.
Casting: Foxfire (safe; 2% risk of failure)
Confirm with . or Enter, or press ? or * to list all spells.
You conjure some foxfire!
Malevolent energies surge around you.
The foxfire hits leviel's ghost but does no damage.
Leviel's ghost is severely damaged.
The foxfire hits leviel's ghost but does no damage.
Leviel's ghost is severely damaged.
Casting: Foxfire (safe; 2% risk of failure)
Confirm with . or Enter, or press ? or * to list all spells.
You don't know that spell.
Sorry, you're not good enough to have a special ability.
Casting: Foxfire (safe; 2% risk of failure)
Confirm with . or Enter, or press ? or * to list all spells.
You conjure some foxfire!
Malevolent energies surge around you.
The foxfire hits leviel's ghost but does no damage.
Leviel's ghost is severely damaged.
The foxfire hits leviel's ghost but does no damage.
Leviel's ghost is severely damaged.
The helpless leviel's ghost fails to defend itself.
You hit leviel's ghost.
You kick leviel's ghost, but do no damage.
Leviel's ghost is almost destroyed.
Leviel's ghost is no longer paralysed.
The foxfire hits leviel's ghost but does no damage.
Leviel's ghost is almost destroyed.
The foxfire hits leviel's ghost but does no damage.
Leviel's ghost is almost destroyed.
Leviel's ghost closely misses you.
You hit leviel's ghost.
Leviel's ghost is almost destroyed.
Leviel's ghost barely misses you.
Unknown command.
You barely miss leviel's ghost. Your kick misses leviel's ghost.
Leviel's ghost is almost destroyed.
Leviel's ghost hits you!
* * * LOW HITPOINT WARNING * * *
Leviel's ghost hits you!
You die...

##.........##########.###.##.#
..........................##.#
##.......############.######.# ##
##.......# #####..# #.# #.
#...######### #...##.## #.# ##
#...###.....#####...##..# #.#
#...##..###.........###.####.#
#...#..##⌠##.................#
##.#..##...##..W@.......^....#
#.#.##..!..##...............#
#.#.#⌠..♣...'.###...........####
#.#.##..!..##.###...............
##.#..##...##...............)####
.......##⌠##............⌠.⌠.)#
.....#..###..............∩...#
.....##.......####......⌠.⌠..#
....)########## #...........####


You could see leviel's ghost.

Vanquished Creatures
  A necrophage (D:4)
  A howler monkey (D:5)
  A centaur zombie (D:5)
  2 bullfrog skeletons (D:5)
  A bullfrog zombie (D:5)
  2 hounds (D:4)
  An orc priest (D:5)
  An orc wizard (D:5)
  4 adders
  4 gnolls
  A white imp (D:3)
  An adder skeleton (D:5)
  2 worms (D:3)
  3 dart slugs
  6 orcs
  4 bats
  6 endoplasms
  3 giant cockroaches
  7 goblins
  9 hobgoblins
  8 jackals
  2 kobolds (D:2)
  4 quokkas
  9 ball pythons
  7 frilled lizards
  6 rats
96 creatures vanquished.

Vanquished Creatures (others)
  306 foxfires
306 creatures vanquished.

Grand Total: 402 creatures vanquished

Notes
Turn   | Place    | Note
-------+----------+-------------------------------------------
     0 | D:1      | rogsnak the Demonspawn Fire Elementalist began the quest
                  | for the Orb.
     0 | D:1      | Reached XP level 1. HP: 13/13 MP: 3/3
   382 | D:1      | Gained mutation: A meltable shield of frost defends you.
                  | (SH +4) [demonic ancestry]
   382 | D:1      | Reached XP level 2. HP: 19/19 MP: 0/5
   505 | D:1      | Found a faded altar of an unknown god.
   856 | D:1      | Gained mutation: Spells you cast may paralyse adjacent
                  | enemies. [demonic ancestry]
   856 | D:1      | Reached XP level 3. HP: 24/24 MP: 4/6
  2122 | D:2      | Gained mutation: You are partially covered in razor-sharp
                  | scales. (AC +1, Slay +1) [demonic ancestry]
  2122 | D:2      | Reached XP level 4. HP: 30/30 MP: 4/8
  2185 | D:2      | Found Gypiac's Weapon Boutique.
  3469 | D:4      | Reached XP level 5. HP: 31/35 MP: 6/9
  3641 | D:4      | Learned a level 4 spell: Sticky Flame
  3647 | D:4      | Learned a level 5 spell: Fireball
  3942 | D:4      | Noticed a necrophage
  3958 | D:4      | Killed a necrophage
  3959 | D:4      | Reached skill level 1 in Fighting
  3959 | D:4      | Gained mutation: You have large cloven feet. [demonic
                  | ancestry]
  3959 | D:4      | Reached XP level 6. HP: 43/43 MP: 4/11
  4561 | D:5      | Entered Level 5 of the Dungeon
  4805 | D:5      | Noticed leviel's ghost (amateur HOFi)
  4809 | D:5      | Found a runed translucent door.
  4830 | D:5      | Found Wiyni's Weapon Shop.
  5301 | D:5      | Reached XP level 7. HP: 44/48 MP: 8/12
  5505 | D:5      | Slain by leviel's ghost

Illustrated notes

Levels and vault maps discovered:
D:1:      minmay_arrival_arboretum_small, layout_basic,
          ebering_ecumenical_altar_abandoned, hex_intersection
D:2:      layout_loops_ring, serial_shops, nicolae_shop_stone, st_stairs_1
D:3:      layout_loops_cross, chequers_arboretum, minmay_goblin_kobold_house
D:4:      layout_loops_corners
D:5:      layout_basic, hellmonk_ghost_happy_afterlife, serial_shops,
          shop_fountains

Skill      XL: |  1  2  3  4  5  6  7 |
---------------+----------------------+-----
Fire Magic     | 3 4 |  4.2
Stealth        | 2 |  2.0
Conjurations   | 2 3 4 |  4.6
Spellcasting   | 3 4 |  4.0
Fighting       | 1 |  1.3
Dodging        | 2 |  2.1
Shields        | |  0.5

Action                   |  1- 3 |  4- 6 |  7- 9 || total
-------------------------+-------+-------+-------++-------
Melee: Unarmed           |     1 |       |       ||     1
       Spear             |    15 |     5 |       ||    20
       Mace              |       |    54 |     5 ||    59
       Kick              |       |     7 |     2 ||     9
 Cast: Foxfire           |    79 |    92 |    19 ||   190
 Stab: Sleeping          |     1 |     3 |       ||     4
       Paralysed         |     5 |     7 |     3 ||    15
Armor: Robe              |     3 |    10 |       ||    13
Dodge: Dodged            |    13 |    25 |     3 ||    41
Block: Other             |     2 |     7 |       ||     9

Table legend: (Time is in decaauts)
 A = Elapsed time spent in this place.
 B = Non-inter-level travel time spent in this place.
 C = Inter-level travel time spent in this place.
 D = Time resting spent in this place.
 E = Time spent auto-exploring this place.
 F = Levels seen in this place.
 G = Mean time per level.
                   A        B        C        D        E       F      G
               +--------+--------+--------+--------+--------+-----+--------+
         Total |   5528 |   5411 |    117 |    694 |   3818 |   5 | 1105.6 |
       Dungeon |   5528 |   5411 |    117 |    694 |   3818 |   5 | 1105.6 |
               +--------+--------+--------+--------+--------+-----+--------+

Top non-repeatable levels by time:
     D:1: 1309 daAuts
     D:4: 1197 daAuts
     D:3: 1040 daAuts
     D:2: 1030 daAuts
     D:5: 951 daAuts
